 Dungeon Crawl Stone Soup version 0.25-a0-435-g4b9beb1024 (webtiles) character file.

Game seed: 13409229592917428541, levelgen mode: deterministic

51 night the Caller (level 3, -5/25 HPs)
             Began as a Mummy Summoner on Jan 28, 2020.
             Slain by a hobgoblin
             ... wielding a +0 club
              (7 damage)
             ... on level 2 of the Dungeon.
             The game lasted 00:04:32 (1741 turns).

night the Caller (Mummy Summoner)                   Turns: 1741, Time: 00:04:32

Health: -5/25      AC:  2    Str: 11    XL:     3   Next: 58%
Magic:  6/8        EV: 12    Int: 15    God:
Gold:   65         SH:  0    Dex: 12    Spells: 6/9 levels left

rFire    x . .     SeeInvis .   l - +2 dagger (venom)
rCold    + + .     Gourm    .   (no shield)
rNeg     + + +     Faith    .   a - +0 robe
rPois    ∞         Spirit   .   (no helmet)
rElec    .         Reflect  .   (no cloak)
rCorr    .         Harm     .   (no gloves)
MR       .....                  (no boots)
Stlth    ++........             (no amulet)
HPRegen  0.08/turn              e - ring of protection from cold
MPRegen  0.11/turn              (no ring)

@: about to teleport
A: no food or potions, fire vulnerability, cold resistance 1, negative energy
resistance 3, torment resistance, unbreathing
a: no special abilities


You were on level 2 of the Dungeon.
You were not hungry.

You visited 1 branch of the dungeon, and saw 3 of its levels.

You collected 65 gold pieces.

Inventory:

Hand Weapons
 c - a +0 dagger
 l - a +2 dagger of venom (weapon)
Missiles
 d - 4 boomerangs (quivered)
Armour
 a - a +0 robe (worn)
 m - a +0 buckler
Jewellery
 e - a ring of protection from cold (left hand)
Scrolls
 b - a scroll of blinking {unknown}
 h - 2 scrolls of amnesia
 i - a scroll of teleportation
 j - a scroll of enchant armour {unknown}
 k - a scroll of enchant weapon {unknown}


   Skills:
 + Level 0.3 Fighting
 + Level 0.4 Short Blades
 - Level 1.5 Dodging
 - Level 1.5 Stealth
 + Level 3.6 Spellcasting
 + Level 3.9 Summonings


You had 6 spell levels left.
You knew the following spells:

 Your Spells              Type           Power        Failure   Level  Hunger
a - Summon Small Mammal   Summ           ##..         3%          1    N/A
b - Call Imp              Summ           ##......     5%          2    N/A

Your spell library contained the following spells:

 Spells                   Type           Power        Failure   Level  Hunger
 Call Canine Familiar     Summ           ##......     11%         3    N/A
 Summon Guardian Golem    Hex/Summ       #.......     26%         3    N/A
 Summon Ice Beast         Ice/Summ       #.......     63%         4    N/A
 Summon Lightning Spire   Summ/Air       #.......     63%         4    N/A

Dungeon Overview and Level Annotations

Branches:
Dungeon (3/15)

Altars:


Innate Abilities, Weirdness & Mutations

You do not eat or drink.
Your flesh is vulnerable to fire.
You are immune to poison.
Your flesh is cold resistant. (rC+)
You are immune to negative energy. (rN+++)
You are immune to unholy pain and torment.
You can survive without breathing.


Message History

The hobgoblin hits you with a +0 club. The adder bites you. x2
* * * LOW HITPOINT WARNING * * *
Your crimson imp closely misses the hobgoblin.
As you read the scroll labeled GUPELO OK YSK, it crumbles to dust.
It is a scroll of identify.
h - 2 scrolls of amnesia The hobgoblin hits you with a +0 club.
* * * LOW HITPOINT WARNING * * *
The adder bites you but does no damage. The adder misses you.
Your crimson imp misses the hobgoblin.
As you read the scroll labeled QYTOME YBILUYG, it crumbles to dust.
You feel strangely unstable.
It was a scroll of teleportation.
The adder closely misses you. The hobgoblin barely misses you.
The adder misses you.
Your crimson imp hits the hobgoblin but does no damage.
As you read the scroll labeled TADUTUBBET, it crumbles to dust.
You feel blessed for a moment.
It was a scroll of remove curse.
The adder barely misses you. The adder closely misses you.
The hobgoblin hits you with a +0 club!
You die...

#.#.##.#.#.# #.............
#.#.##.#.#.# #.............
##..#>.[..#.# #########..###
#..###......# #..#
#.#.#....###### #..#
#.##.......÷..###########..###
#.##..#######.................
#÷##..# #S###.#######..###
#.##..# #@###.#######..### ##
#.##..# ####Sg5..............
.###.###.# #....##..#######..###
.....##..# #..................##
.........####....##..#.......#...
.######..........##..#.####....##
.# #.####.######..#.# #.#.### .#
#.# #.######....####.#.# # .# #.#
#.........#.)...(#.###


You could see 2 adders, a hobgoblin and a friendly crimson imp.

Vanquished Creatures
  A giant cockroach (D:1)
  2 hobgoblins (D:2)
  2 quokkas (D:2)
  4 bats
  3 frilled lizards (D:2)
  A kobold (D:2)
  2 rats
15 creatures vanquished.

Vanquished Creatures (collateral kills)
  Jessica (D:2)
  An adder (D:2)
  2 worms (D:2)
  3 hobgoblins (D:1)
  3 jackals (D:2)
  6 kobolds
  2 bats (D:1)
  A frilled lizard (D:1)
  3 goblins (D:1)
22 creatures vanquished.

Grand Total: 37 creatures vanquished

Notes
Turn   | Place    | Note
-------+----------+-------------------------------------------
     0 | D:1      | night the Mummy Summoner began the quest for the Orb.
     0 | D:1      | Reached XP level 1. HP: 13/13 MP: 4/4
   533 | D:1      | Reached XP level 2. HP: 15/19 MP: 6/6
   537 | D:1      | Learned a level 2 spell: Call Imp
  1237 | D:2      | Noticed Jessica
  1245 | D:2      | Killed Jessica
  1245 | D:2      | Reached XP level 3. HP: 24/24 MP: 2/7
  1739 | D:2      | HP: 2/25 [hobgoblin/+0 club (3)]
  1741 | D:2      | Slain by a hobgoblin

Levels and vault maps discovered:
D:1:      dpeg_arrival_simpleton_c, layout_rooms
D:2:      layout_loops_ring, first_ration, uniq_jessica
D:3:      layout_loops_ring, serial_rivers, chequers_serial_rivers_micro_a,
          chequers_serial_rivers_micro_e, chequers_serial_rivers_small_b,
          chequers_serial_rivers_micro_e, chequers_serial_rivers_micro_d,
          chequers_serial_rivers_small_b,
          chequers_ecumenical_altar_simple_redux, minmay_crystal_room

Skill      XL: |  1 |
---------------+----+-----
Spellcasting   | 3 |  3.6
Fighting       | |  0.3
Short Blades   | |  0.4
Dodging        | |  1.5
Stealth        | |  1.5
Summonings     | |  3.9

Action                   || total
-------------------------++-------
Melee: Dagger            ||    66
 Cast: Summon Small Mamm ||    24
       Call Imp          ||    18
  Use: Scroll            ||     3
 Stab: Sleeping          ||     1
Armor: Robe              ||    25
Dodge: Dodged            ||    74

Table legend:
 A = Non-vault XP
 B = Vault XP
 C = Vault XP percentage of total XP
 D = Non-vault monster count
 E = Vault monster count
 F = Vault count percentage of total count
                 A         B        C        D         E       F
            +---------+---------+-------+---------+---------+-------
      Total |      55 |      19 |  25.7 |      36 |       1 |   2.7
            +---------+---------+-------+---------+---------+-------
        D:1 |      19 |       0 |   0.0 |      17 |       0 |   0.0
        D:2 |      36 |      19 |  34.5 |      19 |       1 |   5.0
            +---------+---------+-------+---------+---------+-------
